 Dungeon Crawl Stone Soup version 0.18.1-8-gdd0e5ea (webtiles) character file.

385 Jerry the Sneak (level 6, -2/41 HPs)
             Began as a Vampire Enchanter on June 8, 2016.
             Slain by a shadow imp (3 damage)
             ... summoned by Eustachio
             ... on level 4 of the Dungeon.
             The game lasted 00:19:38 (4549 turns).

Jerry the Sneak (Vampire Enchanter)                 Turns: 4549, Time: 00:19:39

Health: -2/41      AC: 11    Str:  7      XL:     6   Next: 48%
Magic:  2/9        EV: 13    Int: 17      God:
Gold:   136        SH:  0    Dex: 16 (17) Spells: 3 memorised, 2 levels left

rFire  . . .     SeeInvis +     t - +1 dagger (protect)
rCold  . . .     Gourm    .     b - +1 robe
rNeg   + + .     Faith    .     (no shield)
rPois  +         Spirit   .     j - +2 hat
rElec  .         Dismiss  .     w - +0 cloak
rCorr  .         Reflect  .     (no gloves)
SustAt .         Harm     .     (no boots)
MR     .....                    (no amulet)
Stlth  ++++......               i - ring of poison resistance
                                e - ring of positive energy

@: not resistant to hostile enchantments, stealthy
A: fangs 3, see invisible, unbreathing
a: Bat Form


You were on level 4 of the Dungeon.
You were not thirsty.

You visited 1 branch of the dungeon, and saw 4 of its levels.

You collected 136 gold pieces.

Inventory:

Hand Weapons
 a - a +2 dagger
 t - a +1 dagger of protection (weapon)
Armour
 b - a +1 robe (worn)
 j - a +2 hat (worn)
 w - a +0 cloak (worn)
Jewellery
 e - a ring of positive energy (left hand)
 i - a ring of poison resistance (right hand)
Wands
 s - a wand of flame (10/48)
 u - a wand of lightning (6/15)
Scrolls
 h - 2 scrolls of remove curse
 k - a scroll of noise
 n - a scroll of recharging {unknown}
 o - a scroll of teleportation {unknown}
 r - a scroll of identify {unknown}
Potions
 d - 3 potions of blood
 f - a potion of haste {unknown}
 g - a potion of heal wounds {unknown}
 l - 2 potions of ambrosia {unknown}
 m - 2 potions of resistance {unknown}
 p - a potion of flight {unknown}
 q - a potion of degeneration {unknown}
 v - a potion of lignification {unknown}
Books
 c - a book of Maledictions

   Spells                             Type                      Level
   a - Corona                         Hexes                        1
   b - Ensorcelled Hibernation        Hexes/Ice                    2
   c - Confuse                        Hexes                        3
   d - Tukima's Dance                 Hexes                        3
   e - Dazzling Spray                 Conjuration/Hexes            3


   Skills:
 + Level 4.4 Short Blades
 - Level 2.1 Dodging
 + Level 7.6 Stealth
 - Level 2.0 Spellcasting
 + Level 6.8 Hexes


You had 2 spell levels left.
You knew the following spells:

 Your Spells              Type           Power        Failure   Level  Hunger
a - Corona                Hex            ###....      1%          1    #......
b - Tukima's Dance        Hex            ###.....     4%          3    ###....
c - Confuse               Hex            ###.....     4%          3    ###....


Dungeon Overview and Level Annotations

Branches:
Dungeon (4/15)
 Temple: D:4-7

Altars:
Makhleb
Yredelemnul

Annotations:
D:3 schorsch312's ghost, amateur DECj
D:4 Eustachio


Innate Abilities, Weirdness & Mutations

You have razor-sharp teeth.
You have supernaturally acute eyesight.
You can survive without breathing.


Message History

The shadow imp hits you but does no damage.
You hit Eustachio.
Eustachio is severely wounded.
The quasit bites you.
* * * LOW HITPOINT WARNING * * *
The quasit claws you but does no damage. x2
The rat misses you. The white imp gestures at you. The puff of frost hits you!
Eustachio gestures wildly while chanting.
Eustachio blinks!
Your rapier of protection hits the rat.
The rat dies!
The rat's corpse disappears in a puff of smoke!
You miss Eustachio.
Eustachio is severely wounded.
The quokka bites you but does no damage.
The quasit bites you but does no damage.
The quasit claws you but does no damage. x2
The shadow imp hits you.
You die...

## ..
#. #.
#.
###.###
#.(...#
#..§r.#
#.r5@.#
#..5@5#
#...r.#
###.###
#. #.
.. ##


You could see Eustachio, a quasit, a white imp, a shadow imp, a quokka, 2 rats
and a friendly rapier of protection.

Vanquished Creatures
  A hound (D:3)
  Crazy Yiuf (D:3)
  An orc priest (D:3)
  An orc wizard (D:3)
  Jessica (D:3)
  4 adders
  A worm (D:3)
  2 dart slugs
  5 giant geckos
  2 orcs (D:3)
  4 giant cockroaches
  10 goblins
  9 hobgoblins
  6 jackals
  3 ball pythons
  7 bats
  A giant newt (D:1)
  6 kobolds
  12 rats
  A spectral orc (D:2)
78 creatures vanquished.

Vanquished Creatures (collateral kills)
  Sigmund (D:3)
  Robin (D:3)
2 creatures vanquished.

Vanquished Creatures (others)
  A dancing weapon (D:3)
  An orc (D:3)
2 creatures vanquished.

Grand Total: 82 creatures vanquished

Notes
Turn   | Place    | Note
--------------------------------------------------------------
     0 | D:1      | Jerry the Vampire Enchanter began the quest for the Orb.
     0 | D:1      | Reached XP level 1. HP: 13/13 MP: 3/3
   312 | D:1      | Reached XP level 2. HP: 3/19 MP: 5/5
   707 | D:1      | Reached skill level 5 in Stealth
  1324 | D:2      | Reached skill level 5 in Hexes
  1324 | D:2      | Reached XP level 3. HP: 9/24 MP: 6/6
  2196 | D:2      | Found a basalt altar of Yredelemnul.
  2529 | D:3      | Noticed schorsch312's ghost (amateur DECj)
  2797 | D:2      | Learned a level 3 spell: Tukima's Dance
  2836 | D:3      | Reached XP level 4. HP: 9/30 MP: 7/7
  3273 | D:3      | Reached skill level 6 in Stealth
  3305 | D:3      | Noticed Jessica
  3313 | D:3      | Killed Jessica
  3313 | D:3      | Reached XP level 5. HP: 35/35 MP: 8/8
  3318 | D:3      | Learned a level 3 spell: Confuse
  3438 | D:3      | Noticed Robin
  3454 | D:3      | Killed Robin
  3587 | D:3      | Noticed Sigmund
  3602 | D:3      | Killed Sigmund
  3602 | D:3      | Reached skill level 7 in Stealth
  3602 | D:3      | Reached XP level 6. HP: 12/41 MP: 6/9
  3835 | D:3      | Found a burning altar of Makhleb.
  4436 | D:3      | Noticed Crazy Yiuf
  4443 | D:3      | Killed Crazy Yiuf
  4519 | D:4      | Noticed Eustachio
  4548 | D:4      | HP: 1/41 [quasit[Eustachio] (3)]
  4549 | D:4      | Slain by a shadow imp

Skill      XL: |  1  2  3  4  5 |
---------------+----------------+-----
Stealth        | 5 6 7 |  7.6
Short Blades   | 2 3 4 |  4.4
Hexes          | 5 6 |  6.8
Dodging        | |  2.1
Spellcasting   | |  2.0

Action                   |  1- 3 |  4- 6 || total
-------------------------+-------+-------++-------
Melee: Dagger            |   171 |   198 ||   369
       Bite              |    17 |    21 ||    38
 Cast: Corona            |     1 |     2 ||     3
       Tukima's Dance    |       |     7 ||     7
 Abil: End Transformatio |       |     1 ||     1
       Bat Form          |       |     1 ||     1
  Use: Scroll            |     5 |       ||     5
       Potion            |     1 |       ||     1
 Stab: Sleeping          |    16 |     6 ||    22
       Distracted        |       |     1 ||     1
  Eat: Corpse            |     9 |     6 ||    15
Armor: Robe              |    43 |    78 ||   121
Dodge: Dodged            |    98 |   170 ||   268
